 Dungeon Crawl Stone Soup version 0.23.2-40-g277498a001 (webtiles) character file.

Game seed: 8494788489585689790

675669 Bodigarde the Archmage (level 27, -1/170 HPs)
             Began as a Deep Elf Conjurer on Sept 16, 2019.
             Was the Champion of Vehumet.
             Slain by an electric golem (5 damage)
             ... on level 4 of the Realm of Zot on Sept 18, 2019.
             The game lasted 08:07:58 (100991 turns).

Bodigarde the Archmage (Deep Elf Conjurer)        Turns: 100991, Time: 08:07:59

Health: -1/170     AC: 18    Str:  8    XL:     27
Magic:  51/89      EV: 23    Int: 34    God:    Vehumet [******]
Gold:   4788       SH:  7    Dex: 10    Spells: 28/80 levels left

rFire    + . .     SeeInvis +   f - staff of power
rCold    + . .     Gourm    .   t - +3 buckler {AC+3}
rNeg     . . .     Faith    .   S - +2 robe {rC+ rF+}
rPois    .         Spirit   .   b - +2 helmet
rElec    +         Reflect  .   M - scarf {cloud immunity}
rCorr    .         Harm     .   z - +2 pair of gloves
MR       ++...                  R - +1 pair of boots of the Rose {rElec Dex-5 Slay-6 SInv}
Stlth    +++.......             T - amulet of magic regeneration
HPRegen  0.38/turn              H - ring of magical power
MPRegen  0.76/turn              Z - ring "Utasez" {rElec MP+9 AC+3 Str+3 Stlth+}

@: lethally poisoned (-1 -> -1)
A: no striking features
}: 3/15 runes: serpentine, barnacled, silver
a: Renounce Religion


You were on level 4 of the Realm of Zot.
You worshipped Vehumet.
Vehumet was exalted by your worship.
You were hungry.

You visited 10 branches of the dungeon, and saw 51 of its levels.

You collected 6709 gold pieces.
You spent 1921 gold pieces at shops.

Inventory:

Missiles
 J - 2 throwing nets (quivered)
Armour
 b - a +2 helmet (worn)
 t - a +3 buckler of protection (worn)
 z - a +2 pair of gloves (worn)
 M - a scarf of cloud immunity (worn)
 R - the +1 pair of boots of the Rose (worn) {rElec Dex-5 Slay-6 SInv}
   (You found it on level 3 of the Elven Halls)

   It affects your dexterity (-5).
   It affects your accuracy and damage with ranged weapons and melee attacks
   (-6).
   It insulates you from electricity.
   It lets you see invisible.
 S - a +2 robe of resistance (worn)
Magical Staves
 f - an uncursed staff of power (weapon)
 C - an uncursed staff of fire
Jewellery
 e - an uncursed ring of protection from fire
 g - the ring "Xizxixe" {*Corrode MR+ AC+3 Str+3 Int+3}
   (You took it off a deep elf demonologist on level 3 of the Elven Halls)

   [ring of protection]

   It affects your AC (+3).
   It affects your strength (+3).
   It affects your intelligence (+3).
   It affects your resistance to hostile enchantments.
   It may corrode you when you take damage.
 F - an uncursed ring of poison resistance
 H - a ring of magical power (left hand)
 P - the ring of the Tempest {rElec rC+ rN+}
   (You found it on level 3 of the Crypt)

   [ring of positive energy]

   It protects you from cold.
   It insulates you from electricity.
   It protects you from negative energy.
 T - an amulet of magic regeneration (around neck)
 X - the ring "Sesoyvvagi" {rN+ Int+3}
   (You found it on level 3 of the Crypt)

   [ring of positive energy]

   It affects your intelligence (+3).
   It protects you from negative energy.
 Z - the ring "Utasez" (right hand) {rElec MP+9 AC+3 Str+3 Stlth+}
   (You bought it in a shop on level 1 of the Elven Halls)

   [ring of protection]

   It affects your AC (+3).
   It affects your strength (+3).
   It insulates you from electricity.
   It affects your magic capacity (+9).
   It makes you more stealthy.
Wands
 k - a wand of paralysis (32)
 n - a wand of flame (74)
 s - a wand of iceblast (59)
 B - a wand of digging (23)
 I - a wand of scattershot (20)
 V - a wand of clouds (12)
 W - a wand of acid (34)
 Y - a wand of disintegration (76)
Scrolls
 a - 11 scrolls of identify
 i - 6 scrolls of fog
 l - 3 scrolls of blinking
 o - 27 scrolls of remove curse
 p - a scroll of summoning
 q - 9 scrolls of magic mapping
 r - a scroll of enchant armour
 v - 4 scrolls of silence
 G - 3 scrolls of fear
 N - 2 scrolls of holy word
 O - 16 scrolls of teleportation
Potions
 m - 21 potions of curing
 w - 12 potions of brilliance
 A - 10 potions of mutation
 D - 6 potions of agility
 K - 4 potions of ambrosia
 L - 9 potions of flight
 Q - 4 potions of resistance
 U - 3 potions of invisibility
Miscellaneous
 d - a fan of gales (inert)
 h - a lightning rod (4/4)
 u - 4 phantom mirrors
 y - a phial of floods
 E - a lamp of fire
Comestibles
 c - 43 rations


   Skills:
 + Level 16.8 Fighting
 + Level 22.4 Dodging
 - Level 2.4 Stealth
 - Level 4.0 Shields
 O Level 27 Spellcasting
 + Level 23.6 Conjurations
 - Level 10.0 Summonings
 + Level 23.6 Fire Magic
 + Level 11.4 Earth Magic
 - Level 10.0 Evocations


You had 28 spell levels left.
You knew the following spells:

 Your Spells              Type           Power        Failure   Level  Hunger
a - Spellforged Servitor  Conj/Summ      ########..   1%          7    None
b - Ignition              Fire           ########..   1%          8    None
c - Blink                 Tloc           N/A          1%          2    None
d - Fire Storm            Conj/Fire      ########..   1%          9    ###....
e - Iron Shot             Conj/Erth      ########..   1%          6    None
g - Fireball              Conj/Fire      ########..   0%          5    None
h - Bolt of Fire          Conj/Fire      ########..   0%          6    None
j - Swiftness             Chrm/Air       #####...     1%          2    None
k - Orb of Destruction    Conj           ########..   0%          7    None

Your spell library contained the following spells:

 Spells                   Type           Power        Failure   Level  Hunger
 Tornado                  Air            #####.....   100%        9    ###....
 Flame Tongue             Conj/Fire      #####        0%          1    None
 Magic Dart               Conj           ####         0%          1    None
 Sandblast                Erth           ######       0%          1    None
 Shock                    Conj/Air       ####         0%          1    None
 Sting                    Conj/Pois      ####         0%          1    None
 Summon Butterflies       Summ           #######.     0%          1    None
 Summon Small Mammal      Summ           ####         0%          1    None
 Call Imp                 Summ           #######.     0%          2    None
 Searing Ray              Conj           ######       0%          2    None
 Throw Flame              Conj/Fire      ######       0%          2    None
 Throw Frost              Conj/Ice       ######       0%          2    None
 Conjure Flame            Conj/Fire      ########     0%          3    None
 Dazzling Spray           Conj/Hex       ######       0%          3    None
 Inner Flame              Hex/Fire       #######.     0%          3    None
 Static Discharge         Conj/Air       #######.     0%          3    None
 Stone Arrow              Conj/Erth      ######       0%          3    None
 Iskenderun's Mystic Bla  Conj           ########     0%          4    None
 Sticky Flame             Conj/Fire      ########     0%          4    None
 Bolt of Magma            Conj/Fire/Erth ########..   0%          5    None
 Animate Skeleton         Necr           N/A          1%          1    None
 Beastly Appendage        Tmut           #####.       1%          1    None
 Confusing Touch          Hex            #####.       1%          1    None
 Corona                   Hex            #####..      1%          1    None
 Freeze                   Ice            ####         1%          1    None
 Infusion                 Chrm           ####         1%          1    None
 Pain                     Necr           ####         1%          1    None
 Corpse Rot               Necr           N/A          1%          2    None
 Ensorcelled Hibernation  Hex/Ice        #####.       1%          2    None
 Passwall                 Tmut/Erth      ######..     1%          2    None
 Poisonous Vapours        Pois/Air       #####.       1%          2    None
 Shroud of Golubria       Chrm/Tloc      #####.....   1%          2    None
 Slow                     Hex            #####...     1%          2    None
 Song of Slaying          Chrm           #####...     1%          2    None
 Sticks to Snakes         Tmut           #####...     1%          2    None
 Sublimation of Blood     Necr           #####.....   1%          2    None
 Call Canine Familiar     Summ           #######.     1%          3    None
 Confuse                  Hex            #####...     1%          3    None
 Gell's Gravitas          Tloc           #####.....   1%          3    None
 Ignite Poison            Fire/Tmut/Pois #######.     1%          3    None
 Mephitic Cloud           Conj/Pois/Air  #######.     1%          3    None
 Ozocubu's Armour         Chrm/Ice       #####...     1%          3    None
 Recall                   Summ/Tloc      N/A          1%          3    None
 Regeneration             Chrm/Necr      #####.....   1%          3    None
 Spectral Weapon          Hex/Chrm       #####...     1%          3    None
 Spider Form              Tmut/Pois      #####.....   1%          3    None
 Summon Guardian Golem    Hex/Summ       ######..     1%          3    None
 Tukima's Dance           Hex            #####...     1%          3    None
 Vampiric Draining        Necr           #####.....   1%          3    None
 Airstrike                Air            #####.....   1%          4    None
 Force Lance              Conj/Tloc      #######.     1%          4    None
 Fulminant Prism          Conj/Hex       #######...   1%          4    None
 Leda's Liquefaction      Hex/Erth       ######....   1%          4    None
 Olgreb's Toxic Radiance  Pois           #####...     1%          4    None
 Petrify                  Tmut/Erth      ######..     1%          4    None
 Summon Ice Beast         Ice/Summ       ######..     1%          4    None
 Summon Lightning Spire   Summ/Air       ######..     1%          4    None
 Throw Icicle             Conj/Ice       #######.     1%          4    None
 Aura of Abjuration       Summ           #######...   1%          5    None
 Bolt of Draining         Conj/Necr      #######...   1%          5    None
 Borgnjor's Vile Clutch   Necr/Erth      ######....   1%          5    None
 Irradiate                Conj/Tmut      #######...   1%          5    None
 Iskenderun's Battlesphe  Conj/Chrm      #######.     1%          5    None
 Lee's Rapid Deconstruct  Erth           #######...   1%          5    None
 Lightning Bolt           Conj/Air       #######...   1%          5    None
 Summon Demon             Summ           #######...   1%          5    None
 Summon Forest            Summ/Tloc      ######....   1%          5    None
 Summon Mana Viper        Hex/Summ       ######..     1%          5    None
 Venom Bolt               Conj/Pois      #######...   1%          5    None
 Bolt of Cold             Conj/Ice       #######...   1%          6    None
 Freezing Cloud           Conj/Ice/Air   #######...   1%          6    None
 Shadow Creatures         Summ           N/A          1%          6    None
 Yara's Violent Unravell  Hex/Tmut       #####.....   3%          5    None
 Ring of Flames           Chrm/Fire      #######...   3%          7    None
 Animate Dead             Necr           N/A          4%          4    None
 Ice Form                 Ice/Tmut       #####...     4%          4    None
 Passage of Golubria      Tloc           N/A          4%          4    None
 Monstrous Menagerie      Summ           #######...   6%          7    None
 Summon Greater Demon     Summ           #######...   6%          7    None
 Summon Hydra             Summ           #######...   6%          7    None
 Statue Form              Tmut/Erth      ######...    7%          6    None
 Alistair's Intoxication  Tmut/Pois      #####...     13%         5    None
 Blade Hands              Tmut           #####.....   13%         5    None
 Dispel Undead            Necr           #####...     13%         5    None
 Metabolic Englaciation   Hex/Ice        #####.....   13%         5    None
 Silence                  Hex/Air        #####.....   13%         5    None
 Ozocubu's Refrigeration  Ice            #####.....   17%         6    None
 Malign Gateway           Summ/Tloc      ######....   45%         7    None
 Summon Horrible Things   Summ           #######...   45%         8    None
 Darkness                 Hex            #####.....   56%         6    None
 Deflect Missiles         Chrm/Air       #####.....   56%         6    None
 Invisibility             Hex            #####...     56%         6    None
 Simulacrum               Ice/Necr       #####.....   56%         6    None
 Shatter                  Erth           #######...   69%         9    ###....
 Dragon's Call            Summ           #######...   100%        9    ###....


Dungeon Overview and Level Annotations

Branches:
Dungeon (15/15)            Temple (0/1) D:5            Lair (6/6) D:10
 Shoals (4/4) Lair:3        Snake (4/4) Lair:3        Slime (0/5) Lair:5
    Orc (2/2) D:12            Elf (3/3) Orc:2        Vaults (5/5) D:13
  Crypt (3/3) Vaults:2       Tomb (0/3) Crypt:3      Depths (5/5) D:15
    Zot (4/5) Depths:5

Altars:
Ashenzari
Elyvilon
Fedhas
Kikubaaqudgha
Makhleb
Nemelex Xobeh
Okawaru
Qazlal
Trog
Uskayaw
Vehumet
Xom
Yredelemnul
Zin
The Shining One
Beogh
Jiyva
Lugonu

Shops:
Orc:2 %%*!%   Elf:1 [(==   Vaults:2 [   Depths:2 (

Portals:
Hell: Depths:1 Depths:2 Depths:3 Depths:4 Depths:5
Abyss: Depths:2 Depths:3 Depths:4
Pandemonium: Depths:3 Depths:4
Ziggurat: Depths:4

Annotations:
D:11 2 runed translucent doors, ChadusMaximus's ghost, journeyman MiBe
D:13 1 runed translucent door
D:14 4 runed translucent doors
Lair:1 1 runed translucent door, ChadusMaximus's ghost, novice MiBe
Shoals:2 1 runed translucent door
Zot:2 3 runed translucent doors, Yleosh's ghost, legendary DEFE


Message History

The yellow draconian monk is severely wounded.
The great blast of fire engulfs the storm dragon!!!
The storm dragon is almost dead.
The great blast of fire engulfs the black draconian knight!!!!
The black draconian knight's icy armour evaporates.
You kill the black draconian knight!
Vehumet accepts your kill.
You feel your power returning.
The great blast of fire engulfs your spellforged servitor!!
Your spellforged servitor partially resists.
Your spellforged servitor is almost destroyed.
The great blast of fire engulfs the shadow dragon!!!
The shadow dragon is severely wounded.
You hear a roar! x2
The death cob is engulfed in blazing flames.
The electric golem crackles and sizzles.
The electric golem misses you.
The electric golem completely misses you.
The electric golem hits you.
You die...

....... ........
......##.....q#..
#....#...........
#..)............. .
##....§..#..q.D..
...#........#.....#
#...#.....<.....##.
#.8....[).......
##@zXq○§§.).#..
#.#..?○○☼☼☼.......
#.....☼☼☼☼##...###
#..#.#☼☼v○##...#
#...#..☼D8D☼d.d...
....##...d)dd...#...
.....#.q........#...#
...#.#...............
# ..#............


You could see an electric golem, a shadow dragon, a tentacled monstrosity, a
yellow draconian monk, a storm dragon, a yellow draconian, a death cob, a black
draconian annihilator, a friendly black draconian (berserk), a friendly purple
draconian, a friendly red draconian, a friendly spellforged servitor and a
friendly fire vortex.

Vanquished Creatures
  An ancient lich (Vaults:5)
  A greater mummy (Crypt:3)
  Boris (thrice) (Depths:3 Depths:5 Vaults:5)
  Bai Suzhen (Elf:3)
  A caustic shrike (Depths:3)
  Saint Roka (Vaults:5)
  Xtahua (Depths:3)
  7 golden dragons
  A profane servitor (Crypt:3)
  6 tentacled monstrosities
  Asterion (Snake:4)
  7 liches
  3 deep elf blademasters
  4 titans (Vaults:5)
  5 quicksilver dragons
  3 deep elf master archers (Elf:3)
  A kraken (Shoals:1)
  Kirke (Elf:1)
  4 death cobs
  2 sphinxes
  11 shadow dragons
  2 thorn hunters (Depths:2)
  3 draconian monks
  Frances (Elf:1)
  5 ancient champions (Crypt:3)
  9 storm dragons
  5 revenants
  3 tengu reavers (Vaults:5)
  8 nagarajas (Snake:4)
  6 fire giants
  5 frost giants
  4 draconian knights
  10 deep elf sorcerers
  15 vault wardens
  7 ghouls
  Aizul (Snake:3)
  Louise (Elf:1)
  A balrug (Depths:3)
  5 draconian scorchers
  8 draconian shifters
  4 draconian stormcallers
  5 deep elf elementalists
  A curse skull (Crypt:1)
  3 reapers
  22 ironheart preservers
  5 spriggan defenders
  15 stone giants
  2 draconian annihilators (Zot:3)
  16 very ugly things
  3 entropy weavers
  3 vampire knights
  5 deep elf demonologists
  7 black draconians
  8 yellow draconians
  4 white draconians
  5 green draconians
  7 spark wasps
  5 red draconians
  7 purple draconians
  6 ettins
  5 deep elf annihilators
  2 merfolk javelineers (Shoals:4)
  A green death (Depths:4)
  A blizzard demon (Depths:3)
  9 jiangshi
  2 merfolk impalers (Shoals:4)
  Snorg (Lair:5)
  5 eidola
  Josephine (Lair:5)
  9 deep elf death magi
  11 fire dragons
  7 great orbs of eyes
  2 mummy priests (Crypt:3)
  10 deep elf high priests
  A quicksilver dragon skeleton (Crypt:3)
  9 yaktaur captains
  33 vault guards
  10 hydras
  4 spriggan air magi
  6 centaur warriors
  31 naga warriors
  Erolcha (D:11)
  12 ice dragons
  4 catoblepae
  4 anacondas
  4 rakshasas
  A merfolk avatar (Shoals:3)
  5 merfolk aquamancers
  11 deep troll shamans
  23 dancing weapons
  18 ogre magi
  17 death yaks
  15 tengu warriors
  66 two-headed ogres
  The ghost of weresquid the Carver, a novice MiGl of the Shining One (D:7)
  9 deep troll earth magi
  2 hell hogs (Depths:4)
  4 death knights
  8 vampire magi
  12 spriggan berserkers
  An alligator (Depths:2)
  16 naga sharpshooters
  A satyr (Shoals:3)
  6 shock serpents
  5 orc high priests
  9 soul eaters
  24 skeletal warriors
  30 deep elf knights
  8 sea snakes
  Sonja (Lair:5)
  9 hell knights
  3 salamander mystics
  A shadow wraith (Crypt:3)
  3 sun demons
  An iron troll (Depths:3)
  28 deep trolls
  A death drake (shapeshifter) (Vaults:1)
  3 quicksilver dragon simulacra
  9 flayed ghosts
  23 harpies
  7 unseen horrors
  7 glowing orange brains
  3 wizards
  17 deep elf archers
  4 naga ritualists
  16 ironbrand convokers
  16 orc knights
  5 lindwurms
  3 swamp dragons (Depths:2)
  An anaconda skeleton (Crypt:3)
  6 phantasmal warriors
  55 ugly things
  A tengu skeleton (Depths:2)
  11 necromancers
  62 deep elf magi
  10 cyclopes
  8 salamanders
  A shining eye (shapeshifter) (Depths:3)
  5 oklob plants
  3 mana vipers
  6 fauns
  5 orc sorcerers
  13 manticores
  2 fire giant zombies (Crypt:3)
  A shadow dragon skeleton (Depths:2)
  16 moths of wrath
  An iron dragon skeleton (Crypt:3)
  2 wolf spiders (Vaults:3)
  10 guardian serpents
  5 rust devils (Depths:3)
  2 centaur zombies (D:15)
  An elephant (shapeshifter) (D:14)
  13 vault sentinels
  A frost giant skeleton (Vaults:5)
  4 elephants (Lair:3)
  A stone giant skeleton (Crypt:3)
  3 water nymphs (Shoals:3)
  9 merfolk sirens
  A guardian serpent (shapeshifter) (D:13)
  24 black mambas
  Joseph (D:7)
  An elf zombie (Depths:2)
  An alligator snapping turtle zombie (Crypt:1)
  4 gargoyles
  An ice statue (Depths:3)
  15 spiny frogs
  28 naga magi
  2 eyes of devastation (Depths:4)
  An orange demon (Depths:4)
  A dire elephant skeleton (Crypt:2)
  A sea snake zombie (Crypt:3)
  10 komodo dragons
  A kobold demonologist (D:14)
  61 yaktaurs
  2 rime drakes
  15 freezing wraiths
  A rime drake (shapeshifter) (Vaults:3)
  2 ice devils (Lair:1)
  2 hellwings (Depths:4)
  3 guardian mummies (Crypt:3)
  7 tengu conjurers
  3 red devils (Depths:3)
  2 human skeletons (Vaults:5)
  A queen bee (Depths:4)
  8 trolls
  A wind drake (shapeshifter) (Vaults:5)
  A red draconian skeleton (Crypt:3)
  A polar bear (Lair:4)
  A jumping spider (Vaults:1)
  22 merfolk
  An iron troll skeleton (Crypt:3)
  A jumping spider (shapeshifter) (Vaults:3)
  A hornet (shapeshifter) (Vaults:2)
  16 hornets
  7 wind drakes
  An ettin zombie (Crypt:3)
  A fire giant simulacrum (Crypt:3)
  6 snapping turtles
  A hippogriff (shapeshifter) (Depths:5)
  15 blink frogs
  14 hippogriffs
  17 slime creatures
  2 bog bodies (Crypt:2)
  27 dream sheep
  2 redbacks (shapeshifter)
  An air elemental (Elf:3)
  10 flying skulls
  A vampire (D:13)
  2 redbacks
  17 spriggans
  Sigmund (D:5)
  A human (shapeshifter) (D:14)
  3 shadows
  23 water elementals
  10 wraiths
  A fire dragon skeleton (Crypt:2)
  A tarantella (shapeshifter) (Vaults:4)
  An ushabti (Crypt:3)
  5 wyverns
  3 fire bats (Depths:1)
  41 yaks
  6 basilisks
  3 hogs (Elf:1)
  2 hungry ghosts
  A fire elemental (Elf:3)
  9 vampire mosquitoes
  Menkaure (D:7)
  3 swamp worms (Depths:2)
  8 wargs
  84 nagas
  2 acid dragons
  13 water moccasins
  Duvessa (D:4)
  A monstrous demonspawn skeleton (Crypt:3)
  7 hell hounds
  4 porcupines
  A swamp drake (Depths:2)
  2 floating eyes
  A hornet zombie (D:8)
  2 black bears
  46 orc warriors
  3 sky beasts
  A lindwurm zombie (Crypt:3)
  An ice beast (D:13)
  2 eyes of draining (shapeshifter)
  3 phantoms
  5 ettin simulacra (Depths:3)
  49 ogres
  7 wolves
  9 boggarts (Vaults:3)
  A human zombie (Vaults:5)
  4 necrophages
  9 centaurs
  14 crocodiles
  A crocodile (shapeshifter) (Elf:1)
  A swamp dragon skeleton (Crypt:2)
  A hog zombie (Crypt:1)
  A draconian zombie (Crypt:1)
  16 bullfrogs
  2 big kobolds (D:3)
  An octopode zombie (Crypt:2)
  A wyvern zombie (D:15)
  Dowan (D:4)
  A spriggan zombie (Crypt:2)
  5 scorpions
  A troll zombie (Crypt:1)
  2 water moccasin skeletons
  7 killer bees
  A snapping turtle simulacrum (Crypt:3)
  A raiju skeleton (Crypt:1)
  3 wights (D:9)
  2 howler monkeys
  A wolf zombie (Crypt:3)
  An electric eel (Lair:3)
  5 crimson imps
  A human simulacrum (Vaults:3)
  2 quasits
  2 demonspawn zombies (Crypt:3)
  5 hounds
  5 jellies
  33 orc priests
  43 orc wizards
  4 bullfrog skeletons
  6 iguanas
  8 centaur skeletons
  15 worker ants
  A killer bee zombie (D:5)
  An ogre zombie (Crypt:1)
  2 hound skeletons
  A worker ant zombie (D:7)
  A howler monkey skeleton (D:9)
  A howler monkey zombie (D:11)
  16 gnolls
  16 adders
  4 shadow imps
  An ooze (D:7)
  2 adder skeletons
  An adder zombie (D:5)
  2 worms
  2 dart slugs
  5 leopard geckos
  88 orcs
  4 ball pythons
  8 bats
  5 giant cockroaches
  7 goblins
  5 hobgoblins
  5 jackals
  5 quokkas
  A ball python zombie (Crypt:2)
  5 frilled lizards
  A hobgoblin skeleton (Crypt:2)
  A hobgoblin zombie (Crypt:2)
  15 kobolds
  A quokka skeleton (D:9)
  A quokka zombie (Crypt:2)
  13 rats
  A spectral orc (D:9)
  2 bushes (Lair:2)
  A fire vortex (Zot:3)
  2 fungi (Lair:4)
  17 plants
2378 creatures vanquished.

Vanquished Creatures (collateral kills)
  Mara (Depths:1)
  An ancient lich (Vaults:5)
  Margery (Vaults:5)
  3 caustic shrikes (Depths:3)
  3 golden dragons
  the Enchantress (Depths:3)
  Jory (Vaults:5)
  Rupert (D:15)
  Jorgrun (Elf:1)
  3 tentacled monstrosities
  2 quicksilver dragons
  A deep elf blademaster (Elf:3)
  A kraken (Shoals:1)
  3 ancient champions (Crypt:3)
  2 death cobs
  A shadow dragon (Vaults:5)
  2 nagarajas (Snake:4)
  2 tengu reavers (Vaults:5)
  3 storm dragons
  2 fire giants
  3 vault wardens
  A ghoul (Crypt:3)
  2 iron dragons (Depths:3)
  2 curse skulls (Crypt:2)
  A draconian annihilator (Zot:4)
  A draconian stormcaller (Zot:2)
  2 spriggan defenders
  5 ironheart preservers
  2 very ugly things (Depths:1)
  A stone giant (Depths:2)
  A deep elf demonologist (Elf:3)
  A deep elf annihilator (Elf:3)
  A spark wasp (Depths:3)
  A white draconian (Zot:3)
  2 purple draconians
  3 ettins
  A merfolk javelineer (Shoals:4)
  An eidolon (Crypt:3)
  2 deep elf death magi
  2 merfolk impalers (Shoals:4)
  4 fire dragons
  A great orb of eyes (Depths:4)
  A yaktaur captain (Vaults:5)
  3 jiangshi
  2 deep elf high priests
  A hydra (Depths:2)
  4 naga warriors
  2 ogre magi
  5 merfolk aquamancers
  2 death knights
  2 two-headed ogres (Vaults:4)
  A tengu warrior (Depths:3)
  2 deep troll earth magi (Depths:5)
  4 dancing weapons
  2 spriggan berserkers (Depths:3)
  A shock serpent (Snake:3)
  4 deep elf knights
  4 naga sharpshooters
  A sun demon (Depths:3)
  A salamander mystic (Snake:2)
  3 skeletal warriors
  An iron troll (Depths:3)
  3 sea snakes
  An anaconda zombie (Crypt:3)
  4 deep trolls
  A golden dragon zombie (Crypt:3)
  7 hell knights
  A deep elf archer (Vaults:3)
  An orc knight (Vaults:1)
  3 phantasmal warriors
  A naga ritualist (Snake:4)
  2 harpies
  2 necromancers
  3 deep elf magi
  A mana viper (Snake:1)
  4 ugly things
  A faun (Shoals:2)
  A cyclops (Shoals:2)
  A guardian serpent (Snake:4)
  4 salamanders
  A merfolk siren (Shoals:4)
  3 rust devils (Depths:3)
  3 black mambas
  3 naga magi
  A water nymph (Shoals:3)
  A freezing wraith (Vaults:5)
  3 yaktaurs
  A red devil (Depths:3)
  A red draconian skeleton (Crypt:1)
  3 merfolk
  A wind drake (Shoals:2)
  A fire dragon zombie (Crypt:2)
  A slime creature (Depths:2)
  A snapping turtle (Shoals:1)
  A hippogriff (Shoals:3)
  A water elemental (Shoals:3)
  A fire elemental (Elf:3)
  5 nagas
  4 hell hounds
  3 ogres
  2 orcs (Vaults:5)
  4 fire vortices
  2 plants
209 creatures vanquished.

Vanquished Creatures (others)
  A red draconian (Zot:1)
  An ettin simulacrum (Depths:3)
  23 fire vortices
  8 fungi
  36 plants
  8 tentacles (Shoals:1)
77 creatures vanquished.

Grand Total: 2664 creatures vanquished

Notes
Turn   | Place    | Note
-------+----------+-------------------------------------------
     0 | D:1      | Bodigarde the Deep Elf Conjurer began the quest for the
                  | Orb.
     0 | D:1      | Reached XP level 1. HP: 10/10 MP: 6/6
   204 | D:1      | Reached XP level 2. HP: 15/15 MP: 2/8
   370 | D:1      | Learned a level 2 spell: Searing Ray
   654 | D:1      | Reached skill level 5 in Conjurations
  1287 | D:2      | Reached XP level 3. HP: 19/19 MP: 7/10
  1732 | D:2      | Reached skill level 4 in Spellcasting
  2067 | D:2      | Reached XP level 4. HP: 24/24 MP: 9/12
  2077 | D:2      | Learned a level 4 spell: Iskenderun's Mystic Blast
  2336 | D:3      | Found a glowing silver altar of Zin.
  2570 | D:3      | Found a sparkling altar of Nemelex Xobeh.
  2848 | D:3      | Noticed a big kobold
  2862 | D:3      | Killed a big kobold
  2862 | D:3      | Reached skill level 5 in Spellcasting
  2862 | D:3      | Reached XP level 5. HP: 28/28 MP: 2/14
  3134 | D:3      | Reached XP level 6. HP: 31/32 MP: 10/16
  3311 | D:3      | Found a white marble altar of Elyvilon.
  3328 | D:3      | Found a radiant altar of Vehumet.
  3336 | D:3      | Became a worshipper of Vehumet
  3483 | D:3      | Found a glowing golden altar of the Shining One.
  3823 | D:4      | Noticed Duvessa
  3824 | D:4      | Noticed Dowan
  3833 | D:4      | Killed Duvessa
  3849 | D:4      | Killed Dowan
  3849 | D:4      | Reached skill level 6 in Spellcasting
  4150 | D:4      | Reached XP level 7. HP: 36/36 MP: 10/18
  4587 | D:4      | Reached skill level 7 in Spellcasting
  4820 | D:4      | Found an iron altar of Okawaru.
  4821 | D:4      | Found a shimmering altar of Xom.
  5070 | D:5      | Entered Level 5 of the Dungeon
  5119 | D:5      | Found a radiant altar of Vehumet.
  5206 | D:5      | Noticed Sigmund
  5210 | D:5      | Killed Sigmund
  5340 | D:5      | Reached XP level 8. HP: 41/41 MP: 16/21
  5392 | D:5      | Reached * piety under Vehumet
  5392 | D:5      | Offered knowledge of Freeze by Vehumet.
  5833 | D:5      | Found a staircase to the Ecumenical Temple.
  6176 | D:5      | Reached skill level 8 in Spellcasting
  6176 | D:5      | Reached skill level 10 in Conjurations
  7838 | D:7      | Reached skill level 9 in Spellcasting
  7852 | D:7      | Reached XP level 9. HP: 48/56 MP: 15/24
  7942 | D:7      | Noticed Joseph
  7947 | D:7      | Killed Joseph
  8088 | D:7      | Noticed Menkaure
  8090 | D:7      | Killed Menkaure
  8090 | D:7      | Reached XP level 10. HP: 61/61 MP: 20/25
  8228 | D:7      | Reached ** piety under Vehumet
  8253 | D:7      | Offered knowledge of Sting by Vehumet.
  8256 | D:7      | Learned a level 1 spell: Sting
  8583 | D:7      | Found a hide-covered altar of Uskayaw.
  9528 | D:8      | Noticed a two-headed ogre
  9603 | D:7      | Reached skill level 10 in Spellcasting
  9732 | D:8      | Learned a level 3 spell: Stone Arrow
  9763 | D:8      | Killed a two-headed ogre
  9847 | D:8      | Found a runed translucent gate.
  9848 | D:8      | Found a runed translucent gate.
  9850 | D:8      | Offered knowledge of Static Discharge by Vehumet.
  9929 | D:8      | Found a runed translucent gate.
  9929 | D:8      | Noticed an 11-headed hydra
  9931 | D:8      | Noticed weresquid's ghost (novice MiGl)
  9935 | D:8      | Identified the +2 leather armour of the Dozen Hells {Str+4}
  9987 | D:8      | Reached *** piety under Vehumet
 10690 | D:9      | Found a bloodstained altar of Trog.
 10734 | D:9      | Found a basalt altar of Yredelemnul.
 10930 | D:9      | Offered knowledge of Airstrike by Vehumet.
 10936 | D:9      | Learned a level 4 spell: Airstrike
 11537 | D:9      | Reached XP level 11. HP: 66/66 MP: 3/27
 11733 | D:10     | Entered Level 10 of the Dungeon
 11881 | D:10     | Found a staircase to the Lair.
 12121 | D:10     | Noticed a lindwurm
 12409 | D:10     | Noticed an unseen horror
 12412 | D:10     | Killed an unseen horror
 12412 | D:10     | Reached skill level 11 in Spellcasting
 12494 | D:10     | Reached skill level 10 in Dodging
 13141 | D:10     | Noticed a lindwurm
 13141 | D:10     | Noticed a lindwurm
 13142 | D:10     | Noticed a lindwurm
 13146 | D:10     | Killed a lindwurm
 13282 | D:10     | Killed a lindwurm
 13320 | D:10     | Killed a lindwurm
 13559 | D:10     | Killed a lindwurm
 13665 | Lair:1   | Entered Level 1 of the Lair of Beasts
 13687 | Lair:1   | Reached **** piety under Vehumet
 13995 | Lair:1   | Found a frozen archway.
 14088 | Lair:1   | Found a runed translucent door.
 14162 | Lair:1   | Offered knowledge of Sticky Flame by Vehumet.
 15080 | Lair:1   | Reached skill level 12 in Spellcasting
 15151 | Lair:1   | Noticed ChadusMaximus's ghost (novice MiBe)
 15379 | Lair:1   | Reached XP level 12. HP: 72/72 MP: 22/30
 15800 | Lair:2   | Learned a level 5 spell: Fireball
 15818 | Lair:2   | Reached skill level 1 in Fire Magic
 16115 | Lair:2   | Found a burning altar of Makhleb.
 16769 | Lair:3   | Noticed an eight-headed hydra
 16773 | Lair:3   | Killed an eight-headed hydra
 16805 | Lair:3   | HP: 3/73 [poisoned by a black mamba]
 17446 | Lair:3   | Found a staircase to the Snake Pit.
 17658 | Lair:3   | Reached skill level 5 in Fire Magic
 18170 | Lair:3   | Found a staircase to the Shoals.
 18176 | Lair:3   | Reached skill level 13 in Spellcasting
 18418 | Lair:3   | Noticed a death yak
 18418 | Lair:3   | Noticed a death yak
 18419 | Lair:3   | Noticed a death yak
 18420 | Lair:3   | Noticed a death yak
 18423 | Lair:3   | Noticed a death yak
 18426 | Lair:3   | Killed a death yak
 18588 | Lair:3   | Killed a death yak
 19621 | Lair:3   | Found a staircase to the Snake Pit.
 19631 | Lair:3   | Killed a death yak
 19631 | Lair:3   | Reached XP level 13. HP: 79/79 MP: 16/32
 20107 | Lair:3   | Found a staircase to the Shoals.
 22247 | Lair:5   | Noticed Sonja
 22248 | Lair:5   | Killed Sonja
 22387 | Lair:5   | Noticed Snorg
 22391 | Lair:5   | Killed Snorg
 22461 | Lair:5   | Noticed Josephine
 22468 | Lair:5   | Killed Josephine
 22563 | Lair:5   | Reached ***** piety under Vehumet
 22570 | Lair:5   | Offered knowledge of Bolt of Fire by Vehumet.
 22578 | Lair:5   | Learned a level 6 spell: Bolt of Fire
 22583 | Lair:5   | Learned a level 4 spell: Throw Icicle
 22910 | Lair:5   | Found a viscous altar of Jiyva.
 22910 | Lair:5   | Found a staircase to the Slime Pits.
 23052 | Lair:6   | Entered Level 6 of the Lair of Beasts
 23056 | Lair:6   | Reached skill level 14 in Spellcasting
 24695 | Lair:6   | Reached skill level 10 in Fire Magic
 24695 | Lair:6   | Reached XP level 14. HP: 86/86 MP: 29/34
 25113 | Lair:6   | Learned a level 2 spell: Swiftness
 25426 | Lair:6   | Offered knowledge of Olgreb's Toxic Radiance by Vehumet.
 26240 | D:11     | Noticed Erolcha
 26243 | D:11     | Killed Erolcha
 26297 | D:11     | Reached skill level 15 in Spellcasting
 26312 | D:11     | Reached skill level 10 in Fighting
 26772 | D:11     | Found a runed translucent door.
 26783 | D:11     | Noticed a fire giant
 26789 | D:11     | Noticed ChadusMaximus's ghost (journeyman MiBe)
 26843 | D:11     | Found a runed translucent door.
 26898 | D:11     | Noticed a lich
 27620 | D:7      | Killed weresquid's ghost
 28914 | D:12     | Found a staircase to the Orcish Mines.
 29517 | D:12     | Learned a level 7 spell: Orb of Destruction
 29658 | Lair:4   | Learned a level 6 spell: Iron Shot
 29661 | Lair:4   | Identified 2 scrolls of acquirement
 29818 | Orc:1    | Entered Level 1 of the Orcish Mines
 30059 | Orc:1    | Identified the Catalogue of Dark Aid (You acquired it on
                  | level 1 of the Orcish Mines)
 30096 | Orc:1    | Reached XP level 15. HP: 92/92 MP: 7/36
 30101 | D:12     | Reached skill level 1 in Earth Magic
 30547 | Orc:2    | Entered Level 2 of the Orcish Mines
 30705 | Orc:2    | Offered knowledge of Freezing Cloud by Vehumet.
 31045 | Orc:2    | Found Doumo's Food Shop.
 31272 | Orc:2    | Found a staircase to the Elven Halls.
 31439 | Orc:2    | Found Lumepy's Food Boutique.
 31439 | Orc:2    | Found Vephufuff's General Store.
 31440 | Orc:2    | Found Puxuam's Food Shop.
 31443 | Orc:2    | Found Ofa Welu's Distillery.
 31555 | Orc:2    | Found a roughly hewn altar of Beogh.
 32219 | D:13     | Learned a level 7 spell: Spellforged Servitor
 32288 | D:13     | Reached skill level 1 in Summonings
 32948 | D:13     | Reached skill level 5 in Summonings
 33020 | D:13     | Found a gate to the Vaults.
 33075 | D:13     | Offered knowledge of Ozocubu's Refrigeration by Vehumet.
 33470 | D:13     | Found a runed translucent door.
 33470 | D:13     | Noticed a tengu reaver
 33470 | D:13     | Noticed a tengu reaver
 33862 | D:14     | Found a huge runed translucent gate.
 33863 | D:14     | Found a huge runed translucent gate.
 33863 | D:14     | Found a huge runed translucent gate.
 33863 | D:14     | Found a huge runed translucent gate.
 34987 | D:15     | Entered Level 15 of the Dungeon
 35043 | D:15     | Reached skill level 5 in Earth Magic
 35281 | D:15     | Reached skill level 16 in Spellcasting
 35579 | D:15     | Noticed Rupert
 35580 | D:15     | Paralysed by Rupert for 5 turns
 36176 | D:15     | Found a staircase to the Depths.
 36260 | D:15     | Killed Rupert
 36731 | D:15     | Offered knowledge of Bolt of Cold by Vehumet.
 36731 | D:15     | Reached XP level 16. HP: 99/99 MP: 25/38
 37613 | Shoals:1 | Entered Level 1 of the Shoals
 37620 | Shoals:1 | Reached skill level 1 in Evocations
 38354 | Shoals:1 | Noticed a kraken
 38362 | Shoals:1 | Killed a kraken
 38362 | Shoals:1 | Reached skill level 5 in Evocations
 38719 | Shoals:1 | Noticed a kraken
 38725 | Shoals:1 | Killed a kraken
 40170 | Shoals:2 | Found a runed translucent door.
 40825 | Shoals:3 | Reached skill level 10 in Evocations
 40829 | Shoals:3 | Offered knowledge of Conjure Ball Lightning by Vehumet.
 40829 | Shoals:3 | Reached skill level 15 in Dodging
 42105 | Shoals:4 | Entered Level 4 of the Shoals
 42744 | Shoals:4 | Reached XP level 17. HP: 104/104 MP: 31/39
 43138 | Shoals:4 | Reached skill level 15 in Conjurations
 43855 | Shoals:4 | Got a barnacled rune of Zot
 43913 | Shoals:4 | Got a polished quick blade
 43938 | Shoals:4 | Reached skill level 17 in Spellcasting
 44181 | Snake:1  | Entered Level 1 of the Snake Pit
 44381 | Snake:1  | Reached ****** piety under Vehumet
 44788 | Snake:1  | Identified Asmodeus's Handbook of Companions (You acquired
                  | it on level 1 of the Snake Pit)
 44790 | Snake:1  | Identified the Papyrus of Confrontation (You acquired it on
                  | level 1 of the Snake Pit)
 44869 | Snake:1  | Offered knowledge of Poison Arrow by Vehumet.
 46221 | Snake:2  | Reached skill level 10 in Summonings
 48965 | Snake:3  | Noticed Aizul
 48976 | Snake:3  | Killed Aizul
 49706 | Snake:4  | Entered Level 4 of the Snake Pit
 49833 | Snake:4  | Noticed Asterion
 49839 | Snake:4  | Killed Asterion
 49839 | Snake:4  | Reached XP level 18. HP: 98/112 MP: 20/41
 51871 | Snake:4  | Offered knowledge of Fire Storm by Vehumet.
 51871 | Snake:4  | Offered knowledge of Tornado by Vehumet.
 51871 | Snake:4  | Offered knowledge of Ignition by Vehumet.
 52207 | Snake:2  | Learned a level 8 spell: Ignition
 52336 | Snake:4  | Reached skill level 18 in Spellcasting
 53923 | Snake:4  | Reached skill level 15 in Fire Magic
 55099 | Snake:4  | Got a serpentine rune of Zot
 55952 | Depths:1 | Entered Level 1 of the Depths
 55953 | Depths:1 | Found a shattered altar of Ashenzari.
 56154 | Depths:1 | Reached skill level 19 in Spellcasting
 56160 | Depths:1 | Reached XP level 19. HP: 116/116 MP: 27/44
 56985 | Depths:1 | Noticed Mara
 56987 | Depths:1 | Noticed Bodigarde's illusion
 57266 | Depths:1 | Noticed Bodigarde's illusion
 57269 | Depths:1 | Killed Mara
 58267 | Depths:1 | Found a gateway to Hell.
 58376 | Depths:2 | Found a one-way gate to the infinite horrors of the Abyss.
 59080 | Depths:2 | Reached skill level 20 in Spellcasting
 60440 | Depths:2 | Learned a level 9 spell: Fire Storm
 60484 | Depths:2 | Found Butzaalu's Antique Weapon Shoppe.
 60730 | Depths:2 | Found a blossoming altar of Fedhas.
 60735 | Depths:2 | Reached XP level 20. HP: 122/122 MP: 31/46
 61801 | Depths:3 | Paralysed by a great orb of eyes for 4 turns
 62357 | Depths:3 | Noticed a caustic shrike
 62359 | Depths:3 | Noticed a caustic shrike
 62362 | Depths:3 | Noticed a caustic shrike
 62439 | Depths:3 | Identified the +0 faerie dragon scales {rC+ rCorr Str+3}
 62439 | Depths:3 | Noticed the Enchantress
 62442 | Depths:3 | Killed the Enchantress
 62451 | Depths:3 | Killed a caustic shrike
 62912 | Depths:3 | Reached skill level 21 in Spellcasting
 63657 | Vaults:1 | Entered Level 1 of the Vaults
 63661 | Vaults:1 | Reached skill level 1 in Shields
 65594 | Vaults:1 | Reached XP level 21. HP: 127/127 MP: 24/48
 66288 | Vaults:2 | Found a staircase to the Crypt.
 66288 | Vaults:2 | Found an ancient bone altar of Kikubaaqudgha.
 66289 | Vaults:2 | Found a basalt altar of Yredelemnul.
 66298 | Vaults:2 | Found Wumuh's Armour Emporium.
 68582 | Vaults:2 | Identified the +2 chain mail of the Storm King {Str-2 Int+2
                  | Dex+3}
 69149 | Vaults:3 | Reached skill level 22 in Spellcasting
 70192 | Vaults:3 | Identified the +12 spear "Zearchi" {pain, Str+2}
 70449 | Vaults:3 | You fall through a shaft!
 70474 | Vaults:4 | Reached XP level 22. HP: 116/132 MP: 25/50
 72738 | Vaults:4 | Reached skill level 23 in Spellcasting
 74283 | Depths:3 | Noticed a golden dragon
 74586 | Depths:3 | Killed a caustic shrike
 74830 | Depths:3 | Killed a golden dragon
 75712 | Depths:3 | Noticed a caustic shrike
 75719 | Depths:3 | Killed a caustic shrike
 75824 | Depths:3 | Identified the cursed +3 great mace of Guddaehu {flame, rC+
                  | Str-4 Stlth+}
 75846 | Depths:3 | Found a stormy altar of Qazlal.
 75848 | Depths:3 | Found a one-way gate leading to the halls of Pandemonium.
 75895 | Depths:3 | Found a sparkling altar of Nemelex Xobeh.
 76191 | Depths:3 | Found a white marble altar of Elyvilon.
 76199 | Depths:3 | Identified Sif Muna's Incunabulum of Gliding Snow
 76334 | Depths:3 | Reached XP level 23. HP: 136/136 MP: 48/52
 76405 | Depths:3 | Found a shattered altar of Ashenzari.
 76426 | Depths:3 | Noticed Xtahua
 76427 | Depths:3 | Paralysed by Xtahua for 2 turns
 76432 | Depths:3 | Killed Xtahua
 76444 | Depths:3 | Killed a caustic shrike
 77121 | Depths:3 | Noticed Boris
 77146 | Depths:3 | Killed Boris
 77387 | Depths:4 | Reached skill level 24 in Spellcasting
 78809 | Depths:4 | Found a corrupted altar of Lugonu.
 78815 | Depths:4 | Found a gateway to a ziggurat.
 79849 | Depths:5 | Entered Level 5 of the Depths
 80932 | Depths:5 | Found a gate to the Realm of Zot.
 81358 | Depths:5 | Noticed Boris
 81366 | Depths:5 | Killed Boris
 83327 | Vaults:5 | Entered Level 5 of the Vaults
 83328 | Vaults:5 | Reached XP level 24. HP: 144/144 MP: 53/53
 83331 | Vaults:5 | Noticed Margery
 83425 | Vaults:5 | Noticed an ancient lich
 83428 | Vaults:5 | Reached skill level 25 in Spellcasting
 83444 | Vaults:5 | Noticed Jory
 83453 | Vaults:5 | Identified the +4 lajatang of Litzaq {slice, rPois Int+5}
 83483 | Vaults:5 | Reached XP level 25. HP: 66/150 MP: 12/54
 83638 | Vaults:5 | Identified the +6 short sword "Macajyish" {protect, rC+
                  | rN+}
 83881 | Vaults:5 | Noticed Boris
 84078 | Vaults:5 | Noticed an ancient lich
 84085 | Vaults:5 | Killed an ancient lich
 84198 | Vaults:5 | Noticed Saint Roka
 84205 | Vaults:5 | Killed Saint Roka
 84215 | Vaults:5 | Killed Margery
 84324 | Vaults:5 | Identified the cursed +0 leather armour "Zoajieqe"
                  | {*Corrode rElec rN+++ MR+}
 84873 | Vaults:5 | Killed Jory
 85084 | Vaults:5 | Killed an ancient lich
 85284 | Vaults:5 | Killed Boris
 85894 | Vaults:5 | Reached skill level 26 in Spellcasting
 85924 | Vaults:5 | Identified the +3 dagger of Gudah {pierce, rC+ Dex-5
                  | Stlth+}
 86289 | Vaults:5 | Reached XP level 26. HP: 159/159 MP: 29/55
 86425 | Vaults:5 | Got a silver rune of Zot
 86868 | Vaults:5 | Found the +6 shillelagh "Devastator" {shatter}
 87451 | Vaults:5 | Identified the +0 leather armour of Dapnesyst {*Contam rF-
                  | Str+8 Stlth+} (You found it on level 5 of the Vaults)
 87882 | Zot:1    | Entered Level 1 of the Realm of Zot
 88146 | Elf:1    | Entered Level 1 of the Elven Halls
 88146 | Elf:1    | Noticed Kirke
 88153 | Elf:1    | Killed Kirke
 88236 | Elf:1    | Found Kiheotzo's Jewellery Boutique.
 88240 | Elf:1    | Found Liehesufa's Jewellery Shop.
 88241 | Elf:1    | Found Axiataebb's Antique Weapon Boutique.
 88244 | Elf:1    | Bought an uncursed ring of magical power for 340 gold
                  | pieces
 88244 | Elf:1    | Bought an uncursed amulet of magic regeneration for 510
                  | gold pieces
 88244 | Elf:1    | Bought the ring "Utasez" {rElec MP+9 AC+3 Str+3 Stlth+} for
                  | 1071 gold pieces
 88522 | Elf:1    | Noticed Louise
 88527 | Elf:1    | Killed Louise
 88615 | Elf:1    | Found Isue's Antique Armour Shoppe.
 88676 | Elf:1    | Noticed Frances
 88680 | Elf:1    | Killed Frances
 88685 | Elf:1    | Noticed Jorgrun
 88689 | Elf:1    | Killed Jorgrun
 88809 | Elf:1    | Identified the Disquisition on Confrontation
 89227 | Elf:2    | Found a runed translucent gate.
 89227 | Elf:2    | Found a runed translucent gate.
 89229 | Elf:2    | Found a runed translucent gate.
 90257 | Elf:3    | Entered Level 3 of the Elven Halls
 90506 | Elf:3    | Noticed Bai Suzhen
 90515 | Elf:3    | Killed Bai Suzhen
 90636 | Elf:3    | Reached skill level 15 in Fighting
 91275 | Elf:3    | Identified the +9 scythe of Hatred {flame, rElec rN+}
 91275 | Elf:3    | Identified the ring "Xizxixe" {*Corrode MR+ AC+3 Str+3
                  | Int+3}
 91553 | Elf:3    | Identified the Papyrus of Black Secrets and Malediction
 91564 | Elf:3    | Got a pair of dazzling boots
 91570 | Elf:3    | Identified the +1 pair of boots of the Rose {rElec Dex-5
                  | Slay-6 SInv} (You found it on level 3 of the Elven Halls)
 91687 | Elf:3    | Identified the +0 robe of the Louse {-Tele rF+++ rC- rCorr}
                  | (You found it on level 3 of the Elven Halls)
 92756 | Zot:1    | Reached skill level 27 in Spellcasting
 92869 | Zot:1    | Reached XP level 27. HP: 166/166 MP: 56/56
 93631 | Crypt:1  | Entered Level 1 of the Crypt
 95581 | Crypt:3  | Entered Level 3 of the Crypt
 96710 | Crypt:3  | Identified the ring of Anudghul {rN+ Str-2 Int+7 Dex+9}
 96724 | Crypt:3  | Noticed a greater mummy
 96730 | Crypt:3  | Killed a greater mummy
 96828 | Crypt:3  | Found a staircase to the Tomb.
 97040 | Crypt:3  | Identified the +3 plate armour of Sunlight {+Inv rCorr
                  | Str+4}
 97253 | Crypt:3  | Found a basalt altar of Yredelemnul.
 97260 | Crypt:3  | Found an ancient bone altar of Kikubaaqudgha.
 97272 | Crypt:3  | Got a scorched copper ring
 97273 | Crypt:3  | Identified the ring "Sesoyvvagi" {rN+ Int+3} (You found it
                  | on level 3 of the Crypt)
 97275 | Crypt:3  | Identified the ring of the Tempest {rElec rC+ rN+} (You
                  | found it on level 3 of the Crypt)
 97315 | Crypt:3  | Learned a level 2 spell: Blink
 98903 | Zot:2    | Found a runed translucent gate.
 98904 | Zot:2    | Found a runed translucent gate.
 98948 | Zot:2    | Reached skill level 10 in Earth Magic
 99099 | Zot:2    | Found a runed translucent gate.
 99099 | Zot:2    | Noticed Yleosh's ghost (legendary DEFE)
100984 | Zot:4    | HP: 8/170 [tentacled monstrosity (9)]
100989 | Zot:4    | HP: 4/170 [black draconian knight/+0 great sword (15)]
100991 | Zot:4    | Slain by an electric golem

Skill      XL: |  1  2  3  4  5  6  7  8  9 10 11 12 13 14 15 16 17 18 19 20 21 22 23 24 25 26 27 |
---------------+----------------------------------------------------------------------------------+-----
Conjurations   | 5 6 7 8 9 11 12 14 15 16 18 20 21 22 23 | 23.6
Spellcasting   | 4 5 6 7 9 10 12 13 14 15 16 17 19 20 21 22 23 24 25 26 27 | 27.0
Fighting       | 6 7 8 9 10 11 12 13 14 15 16 | 16.8
Dodging        | 9 10 12 13 14 15 16 17 18 19 20 22 | 22.4
Fire Magic     | 6 10 12 13 16 18 19 21 22 23 | 23.6
Earth Magic    | 5 6 11 | 11.4
Summonings     | 8 10 | 10.0
Evocations     | 10 | 10.0
Shields        | 4 |  4.0
Stealth        | |  2.4

Action                   |  1- 3 |  4- 6 |  7- 9 | 10-12 | 13-15 | 16-18 | 19-21 | 22-24 | 25-27 || total
-------------------------+-------+-------+-------+-------+-------+-------+-------+-------+-------++-------
Melee: Staff             |       |       |       |     1 |     3 |       |     2 |     1 |     3 ||    10
 Cast: Magic Dart        |    76 |    79 |   108 |   159 |    13 |       |       |       |       ||   435
       Searing Ray       |     2 |     7 |    15 |    42 |     4 |       |       |       |       ||    70
       Iskenderun's Myst |       |     5 |    28 |    57 |    58 |    22 |     9 |     3 |       ||   182
       Stone Arrow       |       |       |       |   136 |    11 |       |       |       |       ||   147
       Sting             |       |       |       |    18 |     1 |       |       |       |       ||    19
       Fireball          |       |       |       |    61 |   359 |   594 |   489 |   342 |   621 ||  2466
       Throw Icicle      |       |       |       |       |   118 |    54 |    78 |     3 |       ||   253
       Bolt of Fire      |       |       |       |       |    13 |    23 |    61 |    39 |    61 ||   197
       Swiftness         |       |       |       |       |     1 |       |     1 |       |       ||     2
       Iron Shot         |       |       |       |       |     3 |     1 |    18 |    93 |   133 ||   248
       Spellforged Servi |       |       |       |       |     2 |    71 |    35 |    59 |    75 ||   242
       Ignition          |       |       |       |       |       |       |     6 |     9 |    17 ||    32
       Orb of Destructio |       |       |       |       |       |       |     3 |    15 |    23 ||    41
       Fire Storm        |       |       |       |       |       |       |       |     2 |    13 ||    15
       Blink             |       |       |       |       |       |       |       |       |     4 ||     4
 Abil: Evoke Flight      |       |       |       |     2 |       |     5 |       |       |       ||     7
       Stop Flying       |       |       |       |     1 |       |       |       |       |       ||     1
Evoke: Wand              |       |       |       |       |     4 |    43 |     9 |     1 |     4 ||    61
       Lamp of fire      |       |       |       |       |       |     2 |     1 |       |     1 ||     4
       Lightning rod     |       |       |       |       |       |       |       |       |     1 ||     1
       Fan of gales      |       |       |       |       |       |       |       |       |     1 ||     1
  Use: Scroll            |     1 |     7 |     6 |    12 |    16 |     7 |    11 |     6 |    20 ||    86
       Potion            |       |     1 |     1 |     2 |       |     1 |     3 |     3 |     6 ||    17
  Eat: Chunk             |     3 |     6 |     5 |    19 |    36 |    26 |    29 |    27 |    32 ||   183
       Ration            |       |       |     3 |     5 |     6 |    15 |     5 |     4 |     6 ||    44
Armor: Robe              |       |     1 |     9 |    13 |    21 |    22 |     7 |     4 |    19 ||    96
       Leather armour    |       |       |       |       |     5 |       |       |       |     1 ||     6
Dodge: Dodged            |     1 |     5 |    23 |    89 |   116 |   121 |    84 |    78 |   133 ||   650
Block: Buckler           |       |       |       |       |       |       |    16 |    25 |    31 ||    72
